Unix NetHack Version 5.0.0-0 post-release - last build Jun 10 2026 00:39:30 (3ee93aec679c4c4259841fe613dc97188e26a321,branch:main).

Game began 2026-06-17 13:31:27, ended 2026-06-18 13:14:58.

GdeVolpiano, neutral male human Archeologist

                                                                       ;
                                                                    ;
                                                                   ;
                                                                        gc
                                                                          g
                                                                       g

                                                                   ;;
                                                                       @.f  ;
                                                                   S;  D@'
                                                                    ;  N.D
                                                                         D


                                                                        H


                                                                           ;

GdeVolpiano the Excavator  St:25 Dx:16 Co:18 In:18 Wi:18 Ch:13  Neutral
Dlvl:23 $:0  HP:0(151) Pw:106(106) AC:-7 Xp:17 T:35797 

Latest messages:
 You were wearing an uncursed amulet of flying.
 You land.
 What do you want to wear? [*]
 v - an uncursed amulet of reflection (being worn).
 You can't go down here.
 You descend the stairs.
 There is a staircase up to level 22 here.
 You see here a boulder.
 The guardian naga misses!
 The guardian naga just misses!
 The black dragon bites!
 The black dragon hits!
 The black dragon knocks you back with a forceful blow!
 You bump into an iron golem.
 The black dragon hits again!
 The Elvenqueen thrusts her runed spear.
 The Elvenqueen hits!
 The Elvenqueen thrusts her runed spear.
 The Elvenqueen hits again!
 The iron golem attacks a spot beside you.
 The displacer beast hits!
 The displacer beast hits again!
 The displacer beast bites!
 The orange dragon bites!
 The orange dragon hits!
 The orange dragon hits again!
 The orange dragon knocks you back with a powerful blow!
 You bump into an Elvenqueen.
 The titan casts a spell!
 You feel that monsters are aware of your presence.
 The guardian naga bites!
 The guardian naga misses!
 The black dragon bites!
 The black dragon hits!
 The black dragon hits again!
 The black dragon knocks you back with a forceful strike!
 You bump into an iron golem.
 The Elvenqueen thrusts her runed spear.
 The Elvenqueen hits!
 The Elvenqueen thrusts her runed spear.
 The Elvenqueen hits again!
 The displacer beast hits!
 The displacer beast hits again!
 You die...
 Do you want your possessions identified? [ynq] (y)
 Do you want to see your attributes? [ynq] (y)
 Do you want an account of creatures vanquished? [ynaq] (y)
 Do you want a list of species genocided? [ynaq] (y)
 Do you want to see your conduct and achievements? [ynq] (y)
 Do you want to see the dungeon overview? [ynq] (y)

Inventory:
 Amulets  ('"')
  J - an uncursed amulet of flying
  v - an uncursed amulet of reflection (being worn)
 Weapons  (')')
  E - a blessed rustproof +1 scimitar (wielded in left hand)
  W - the blessed +4 Werebane (wielded in right hand)
 Armor    ('[')
  A - a blessed rustproof +1 helm of telepathy (being worn)
  y - an uncursed rusty very corroded +0 pair of gauntlets of power (being worn)
  G - a blessed very burnt +1 pair of speed boots (being worn)
  z - an uncursed very burnt +0 cloak of displacement (being worn)
  m - an uncursed +0 robe
  P - an uncursed +0 dwarvish mithril-coat (being worn)
 Comestibles  ('%')
  d - 4 uncursed food rations
  j - 2 uncursed lizard corpses
 Rings    ('=')
  c - an uncursed ring of conflict
  K - an uncursed ring of polymorph control (on left hand)
  T - an uncursed ring of shock resistance (on right hand)
 Wands    ('/')
  u - a blessed wand of cancellation (0:4)
  s - a wand of cold (0:4)
  b - a wand of magic missile (0:6)
  X - a wand of magic missile (0:5)
  r - a blessed wand of teleportation (0:6)
 Tools    ('(')
  h - an uncursed sack containing 9 items
  a - the Bell of Opening (0:3)
  o - an uncursed blindfold
  U - an expensive camera (0:58)
  V - the blessed Orb of Detection (0:5)
  e - a +0 pick-axe
  k - an uncursed skeleton key
  L - an uncursed stethoscope
  N - an uncursed tin opener
  H - a blessed +0 unicorn horn
 Gems/Stones  ('*')
  f - a blessed luckstone
  g - an uncursed touchstone

Contents of the sack:
  1015 gold pieces
  an uncursed food ration
  2 uncursed fortune cookies
  an uncursed sprig of wolfsbane
  2 uncursed tripe rations
  an uncursed potion of healing
  2 uncursed agate stones
  an uncursed amber stone
  2 uncursed garnet stones

GdeVolpiano the Archeologist's attributes:

Background:
 You were an Excavator, a level 17 male human Archeologist.
 You were neutral, on a mission for Camaxtli
 who was opposed by Quetzalcoatl (lawful) and Huhetotl (chaotic).
 You were right-handed.
 You were in the Dungeons of Doom, on level 23.
 You entered the dungeon 35797 turns ago.
 You had 650000 experience points, 630000 more were needed to attain level 18.

Basics:
 You had 0 out of 151 hit points.
 You had all 106 energy points (spell power).
 Your armor class was -7.
 Your wallet was empty, but
 you had 1015 zorkmids stashed away in your pack.
 Autopickup was on for '$?!/="+' plus thrown, with exceptions.

Final Characteristics:
 Your strength was 25 (base:18/15, innate limit:18/100).
 Your dexterity was 16 (limit:18).
 Your constitution was 18 (limit:18).
 Your intelligence was 18 (limit:18).
 Your wisdom was 18 (limit:18).
 Your charisma was 13 (limit:18).

Final Status:
 You weren't hungry.
 You were unencumbered.
 You were wielding two weapons at once.
 Your skill in saber was limited by being basic with two weapons.

Final Attributes:
 You were piously aligned.
 You were magic-protected.
 You were cold resistant.
 You were sleep resistant.
 You were shock resistant.
 Your items were protected from electric shocks.
 You were poison resistant.
 You saw invisible.
 You were telepathic.
 You had automatic searching.
 You were invisible to others.
 You were displaced.
 You were stealthy.
 You had teleport control.
 You had a moderate defense bonus (+8).
 You were guarded.
 You took half spell damage.
 Your spell casting was impaired by metallic armor.
 You had polymorph control.
 You were very fast.
 You had reflection.
 You were extremely lucky.
 You had extra luck.
 Good luck did not time out for you.
 You are dead.

Miscellaneous:
 You didn't encounter any bones levels.
 Total elapsed playing time was 7 hours and 59 seconds.

Major events:
 Turn
    1: GdeVolpiano the neutral male human Archeologist entered the dungeon
  594: entered the Gnomish Mines
 1007: attained the rank of Field Worker (level 3)
 1677: attained the rank of Investigator (level 6)
 1697: reached Mine Town
 3979: entered Sokoban
 4908: completed 1st Sokoban level
 5327: completed 2nd Sokoban level
 6341: completed 3rd Sokoban level
 7021: completed 4th Sokoban level
 8599: acquired the Sokoban amulet of reflection
 9552: performed his first genocide (class L)
 9912: attained the rank of Exhumer (level 10)
12616: was bestowed with Ogresmasher by Camaxtli
14423: was bestowed with Trollsbane by Camaxtli
15423: entered the Bigroom
16213: was bestowed with Werebane by Camaxtli
17369: entered Home 1, the Quest
17611: attained the rank of Excavator (level 14)
17806: Lord Carnarvon has granted access to proceed deeper into the quest
17923: entered Home 2, the Quest
17943: entered Home 3, the Quest
19507: entered Home 4, the Quest
19539: entered Home 5, the Quest
19794: entered Home 6, the Quest
21509: found the Orb of Detection on the floor
21522: killed the Minion of Huhetotl
21526: acquired the Bell of Opening
29575: was bestowed with Dragonbane by Camaxtli
30564: attained the rank of Spelunker (level 18)
35797: killed by a displacer beast, while moving through the air

Spells:
 Name                 Level Category     Fail Retention
 cause fear             3   enchantment  100%    (gone)
 slow monster           2   enchantment  100%    (gone)
 extra healing          3   healing      100%    (gone)
 light                  1   divination   100%  76%-100%
 knock                  1   matter       100%    (gone)
 cure sickness          3   healing      100%    (gone)
 detect treasure        4   divination   100%    (gone)
 dig                    5   matter       100%    (gone)
 confuse monster        1   enchantment  100%    (gone)
 healing                1   healing      100%    1%-25%
 wizard lock            2   matter       100%    1%-25%
 magic missile          2   attack       100%    1%-25%
 haste self             3   escape       100%    1%-25%
 stone to flesh         3   healing      100%    1%-25%
 teleport away          6   escape       100%    1%-25%
 create familiar        6   clerical     100%   26%-50%
 fireball               4   attack       100%   51%-75%
 detect food            2   divination   100%  76%-100%
 cure blindness         2   healing      100%  76%-100%
 identify               3   divination   100%  76%-100%
 force bolt             1   attack       100%  76%-100%

Skills:
 Fighting Skills
   bare handed combat [Unskilled]
   two weapon combat  [Basic]
   riding             [Unskilled]
 Weapon Skills
   dagger             [Unskilled]
   knife              [Unskilled]
   pick-axe           [Skilled]
   short sword        [Unskilled]
   broadsword         [Unskilled]
   saber              [Expert]
   club               [Skilled]
   morning star       [Unskilled]
   hammer             [Basic]
   quarterstaff       [Unskilled]
   sling              [Unskilled]
   dart               [Unskilled]
   boomerang          [Unskilled]
   whip               [Basic]
   unicorn horn       [Unskilled]
 Spellcasting Skills
   attack spells      [Unskilled]
   healing spells     [Unskilled]
   divination spells  [Unskilled]
   matter spells      [Unskilled]

Voluntary challenges:
 Character rerolling was not enabled.
 You genocided 4 types of monsters.
 You never changed form.
 You used no wishes.
 You did not violate any of the special Sokoban rules.
Achievements:
 You entered the Gnomish Mines.
 You entered a shop.
 You attained the rank of Field Worker.
 You attained the rank of Investigator.
 You entered Minetown.
 You entered a temple.
 You entered Sokoban.
 You completed Sokoban.
 You attained the rank of Exhumer.
 You entered the Big Room.
 You attained the rank of Excavator.
 You had the Bell of Opening.
 You attained the rank of Spelunker.

 The Dungeons of Doom: levels 1 to 23
    Level 1:
    Level 2:
       An armor shop, a fountain.
       Stairs down to The Gnomish Mines.
    Level 3:
       A general store.
    Level 4:
       A general store, a fountain.
    Level 5:
       Many fountains.
       Oracle of Delphi.
    Level 6:
       Stairs up to Sokoban, level 5.
    Level 7:
       A general store, a fountain.
    Level 8:
       A fountain.
    Level 9:
       An altar to Camaxtli, a fountain, a sink.
    Level 10:
    Level 11:
       A very big room.
    Level 12:
       Portal to The Quest.
    Level 13:
    Level 14:
       A sink.
    Level 15:
       Many fountains, a sink, some graves.
    Level 16:
    Level 17:
       A primitive area.
    Level 18:
       Many graves.
    Level 19:
       A fountain.
    Level 20:
       A fountain.
    Level 21:
    Level 22:
    Level 23: <- You were here.
       Final resting place for
          you, killed by a displacer beast, while moving through the air.
 The Gnomish Mines: levels 3 to 11
    Level 3:
    Level 4:
    Level 5:
       Many shops, a temple and an altar to Camaxtli, some fountains, some trees.
    Level 6:
    Level 7:
    Level 8:
    Level 9:
    Level 10:
    Level 11:
 The Quest: levels 1 to 6
    Level 1:
       A throne.
       Completed quest for Lord Carnarvon.
    Level 2:
    Level 3:
       Many temples and many altars.
    Level 4:
    Level 5:
    Level 6:
       A temple and an altar.
 Sokoban: levels 5 up to 2
    Level 2:
       Solved.
    Level 3:
       Solved.
    Level 4:
       Solved.
    Level 5:
       Solved.


Vanquished creatures:
the Minion of Huhetotl
  a baluchitherium
 an Olog-hai
  a titanothere
  a genetic engineer
  3 vampire leaders
  5 nurses
  3 lurkers above
 an Aleax
  2 black puddings
  3 vampires
  a lieutenant
 23 ghosts
  a winged gargoyle
  3 giant mimics
  a zruty
  a fire giant
  3 ogre tyrants
  4 ice trolls
  2 umber hulks
  a flesh golem
  2 elven monarchs
  a large mimic
  3 couatls
  2 stalkers
  a fire elemental
  a water elemental
  a giant mummy
  a black naga
  a xorn
  5 giant zombies
 11 elf-nobles
  4 sergeants
  3 wargs
 10 small mimics
  a glass piercer
  6 xans
  2 ettin mummies
  3 quantum mechanics
 13 trolls
  a wood golem
  5 gelatinous cubes
  2 pyrolisks
  2 large dogs
  3 freezing spheres
  2 flaming spheres
  2 shocking spheres
  a tiger
  4 gargoyles
  4 dwarf rulers
  a tengu
  6 ochre jellies
  3 leocrottas
  2 mountain centaurs
  2 stone giants
  3 elf mummies
 24 human mummies
  5 red nagas
 11 pythons
 12 pit vipers
  5 cobras
 21 wraiths
  2 carnivorous apes
  2 ettin zombies
  2 leather golems
  3 Grey-elves
  a soldier
 an amorous demon
  a horned devil
  5 chameleons
  a crocodile
  9 giant beetles
  6 quivering blobs
  6 cockatrices
  6 wolves
  4 winter wolf cubs
  2 lynxes
  a panther
  2 gremlins
  a spotted jelly
 17 leprechauns
 an iron piercer
  5 mumakil
  a giant spider
  5 scorpions
  2 ice vortices
  a baby long worm
  2 black lights
  3 vampire bats
  a forest centaur
  3 gnome rulers
  9 orc mummies
  6 dwarf mummies
  5 brown puddings
  3 rust monsters
  5 owlbears
  8 yetis
  3 gold golems
  a werewolf
  5 Green-elves
  a giant eel
 12 lizards
 11 chickatrices
  2 dingoes
  2 dogs
  3 housecats
  2 jaguars
  7 dwarf leaders
  5 blue jellies
  5 white unicorns
  a black unicorn
  3 dust vortices
  2 ravens
  4 plains centaurs
  5 gnome mummies
 50 snakes
  7 apes
  4 human zombies
  a rope golem
  8 Woodland-elves
  7 soldier ants
  3 fire ants
 16 bugbears
  3 imps
  2 quasits
  4 wood nymphs
  2 water nymphs
  2 mountain nymphs
  6 Mordor orcs
 18 Uruk-hai
  2 orc shamans
  6 rock piercers
  4 rock moles
  a pony
  a fog cloud
  9 yellow lights
  2 shriekers
  3 violet fungi
 24 gnome leaders
  3 gnomish wizards
  8 kobold mummies
  a black naga hatchling
  7 gray oozes
 15 elf zombies
  2 straw golems
  8 giant ants
 15 floating eyes
  3 kittens
 29 dwarves
  5 homunculi
  2 kobold leaders
  5 kobold shamans
 29 hill orcs
 23 rothes
  a rabid rat
  3 centipedes
  6 giant bats
  2 monkeys
  7 orc zombies
 10 dwarf zombies
  2 wererats
  2 werejackals
  9 iguanas
 30 killer bees
 an acid blob
  3 coyotes
  3 gas spores
  9 hobbits
  5 large kobolds
 22 hobgoblins
 13 giant rats
 12 cave spiders
  3 brown molds
  9 yellow molds
  4 green molds
  a red mold
 79 gnomes
 42 garter snakes
  7 gnome zombies
 13 geckos
 17 jackals
  2 foxes
  4 kobolds
 13 goblins
  7 sewer rats
  4 grid bugs
  2 bats
  9 lichens
 12 kobold zombies
 15 newts
1183 creatures vanquished.

Genocided species:
 arch-liches
 master liches
 demiliches
 liches
4 species genocided.

Game over:
                       ----------
                      /          \
                     /    REST    \
                    /      IN      \
                   /     PEACE      \
                  /                  \
                  |   GdeVolpiano    |
                  |     1015 Au      |
                  |   killed by a    |
                  | displacer beast  |
                  |                  |
                  |                  |
                  |       2026       |
                 *|     *  *  *      | *
        _________)/\\_//(\/(/\)/\//\/|_)_______

Goodbye GdeVolpiano the Archeologist...

You died in The Dungeons of Doom on dungeon level 23 with 247266 points,
and 1015 pieces of gold, after 35797 moves.
You were level 17 with a maximum of 151 hit points when you died.

